 Dungeon Crawl Stone Soup version 0.31-a0-880-g9a209b2425 (webtiles) character file.

Game seed: 16456617427817969276

3 JackS81 the Changeling (level 1, -4/16 HPs)
             Began as a Meteoran Shapeshifter on Oct 15, 2023.
             Slain by a gnoll
             ... wielding a +0 flail
              (6 damage)
             ... on level 1 of the Dungeon.
             The game lasted 00:00:37 (83 turns).

JackS81 the Changeling (Meteoran Shapeshifter)        Turns: 83, Time: 00:00:37

Health: -4/16      AC:  2    Str: 15    XL:     1   Next: 71%
Magic:  2/2        EV: 12    Int: 11    God:
Gold:   0          SH:  0    Dex: 13    Spells: 0/0 levels left

rFire   . .          .
                       - Unarmed
rCold   . . .        (no shield)
rNeg    . . .        a - +0 animal skin
rPois   .            (helmet currently unavailable)
rElec   .            (cloak currently unavailable)
rCorr   .            (gloves currently unavailable)
SInv    .            (boots currently unavailable)
Will    .....        (no amulet)
Stlth   +            (no ring)
HPRegen 0.22/turn    (no ring)
MPRegen 0.08/turn

%: no passive effects
@: beast-form, glowing
A: beast (slay +2), sense surroundings 1, otherworldly, glowing, explore regen
a: Begin Untransformation


You were on level 1 of the Dungeon.
You were a hulking beast.
You visited 1 branch of the dungeon, and saw 1 of its levels.

Inventory:

Armour
 a - a +0 animal skin (worn)
Talismans
 c - a beast talisman (active)
 d - a flux talisman
Scrolls
 e - a scroll of noise {unknown}
 f - a scroll of poison {unknown}
 g - a scroll of teleportation {unknown}
Potions
 b - a potion of lignification
 h - a potion of heal wounds {unknown}
 i - a potion of magic {unknown}


   Skills:
 - Level 1.1 Fighting
 - Level 2.1 Dodging
 + Level 3.7 Unarmed Combat
 * Level 3.8 Shapeshifting


You couldn't memorise any spells.
You didn't know any spells.
Your spell library contained the following spells:

 Spells                   Type           Power      Damage    Failure   Level
 Stone Arrow              Conj/Erth      0%         3d7       71%         3
 Animate Armour           Summ/Erth      0%         N/A       98%         4
 Lehudib's Crystal Spear  Conj/Erth      0%         10d2      100%        8


Dungeon Overview and Level Annotations

Branches:
Dungeon (1/15) Zot: 516

Altars:


Innate Abilities, Weirdness & Mutations

You are a hulking beast.
Your limbs bulge with bestial killing power. (Slay +2)
You passively map a small area around you.
You are easily found by Zot.
You glow in the dark.
You regain HP and MP as you explore.


Message History

You add the spells Stone Arrow, Animate Armour and Lehudib's Crystal Spear to your library.
An endoplasm comes into view.
Found a murky black potion.
The endoplasm quivers.
An endoplasm is nearby!
Found a sedimented ruby potion.
You hit the endoplasm.
The endoplasm is severely wounded.
You hit the endoplasm.
You kill the endoplasm!
Found a whip.
Found a scroll labelled NEDEQE JECEKH.
f - a scroll labelled SOMEYMPOPATOU
Found an escape hatch in the floor.
g - a scroll labelled NEDEQE JECEKH A rat comes into view.
Found 3 scrolls labelled NEDEQE JECEKH.
The gnoll shouts!
You hit the rat.
You kill the rat!
h - a sedimented ruby potion
i - a murky black potion A rat comes into view.
Found a dagger.
As you open the door, it creaks loudly!
You punch the rat!
You kill the rat!
You punch the rat!
You kill the rat!
You barely miss the gnoll. The gnoll barely misses you.
You closely miss the gnoll. The gnoll hits you but does no damage.
You completely miss the gnoll. The gnoll barely misses you.
You closely miss the gnoll. The gnoll hits you with a +0 flail!
You barely miss the gnoll. The gnoll hits you with a +0 flail!
Ouch! That really hurt!
* * * LOW HITPOINT WARNING * * *
You hit the gnoll.
The gnoll is lightly wounded.
The gnoll hits you with a +0 flail.
You die...

*
#######################
...................##..
...........#....#..#.# ,
###....8...#.#.##..#. ,
##.......#.......## *
##......†.##..#...# * ,
...###...####...#...##..
.......h##..##....#.....
....8...g?##g#.....##...
........##)###.........#
* ,
...###...####....##..#..
* ..#*
##...............#. ..*
*#.........#...#... * ,
....8...##...###.. ,
.......#...#....#. *, ,
..........)##... .


You could see a gnoll.

Vanquished Creatures
  An endoplasm (D:1)
  3 rats (D:1)
4 creatures vanquished.

Notes
Turn   | Place    | Note
-------+----------+-------------------------------------------
     0 | D:1      | JackS81 the Meteoran Shapeshifter began the quest for the
                  | Orb.
     0 | D:1      | Reached XP level 1. HP: 16/16 MP: 2/2
    83 | D:1      | Slain by a gnoll

Illustrated notes

Levels and vault maps discovered:
D:1:      erik_arrival_cave_to_civilisation [erik_arrival_cave_to_hall],
          layout_basic, hellmonk_ecumenical_altar_defaced_shrine, serial_shops,
          nicolae_shop_dealshenge

Action                     || total
---------------------------++-------
  Melee: Unarmed           ||    11
 Armour: Animal skin       ||     4
  Dodge: Dodged            ||     2

Table legend: (Time is in decaauts)
 A = Elapsed time spent in this place.
 B = Non-inter-level travel time spent in this place.
 C = Inter-level travel time spent in this place.
 D = Time resting spent in this place.
 E = Time spent auto-exploring this place.
 F = Levels seen in this place.
 G = Mean time per level.
                   A        B        C        D        E       F      G
               +--------+--------+--------+--------+--------+-----+--------+
         Total |     82 |     82 |      0 |      0 |     24 |   1 |   82.0 |
       Dungeon |     82 |     82 |      0 |      0 |     24 |   1 |   82.0 |
               +--------+--------+--------+--------+--------+-----+--------+

Top non-repeatable levels by time:
     D:1: 82 daAuts
